 Dungeon Crawl Stone Soup version 0.25.0-9-g26727b657a (webtiles) character file.

Game seed: 3145724124062381544

80033 Lekan the Brawler (level 15, -4/93 HPs)
             Began as a Gargoyle Monk on June 19, 2020.
             Was the Champion of Okawaru.
             Slain by a wolf spider (11 damage)
             ... on level 2 of the Spider Nest on June 20, 2020.
             The game lasted 02:51:54 (30252 turns).

Lekan the Brawler (Gargoyle Monk)                  Turns: 30252, Time: 02:51:55

Health: -4/93      AC: 51    Str: 19    XL:     15   Next: 65%
Magic:  0/17       EV:  6    Int: 17    God:    Okawaru [******]
Gold:   1756       SH:  8    Dex: 14    Spells: 14/14 levels left

rFire    . . .     SeeInvis .     - Unarmed
rCold    . . .     Gourm    .   y - +2 buckler {rC+}
rNeg     + + .     Faith    .   a - +8 crystal plate armour of Fortitude {rElec rC- rN+ MR+}
rPois    ∞         Spirit   +   d - +0 helmet
rElec    +         Reflect  .   F - scarf {+Inv}
rCorr    .         Harm     .   m - +2 pair of gloves
MR       ++...                  V - +0 pair of boots
Stlth    ..........             i - amulet of guardian spirit
HPRegen  0.25/turn              L - +6 ring of intelligence
MPRegen  0.15/turn              Z - +4 ring of protection

@: flying
A: big wings, blink, high mp 1, negative energy resistance 1, shaggy fur 1,
electricity resistance, unbreathing, petrification resistance, rot immunity, AC
+11
a: Stop Flying, Blink, Heroism, Finesse, Renounce Religion, Evoke Invisibility


You were on level 2 of the Spider Nest.
You worshipped Okawaru.
Okawaru was exalted by your worship.
You were not hungry.

You visited 4 branches of the dungeon, and saw 21 of its levels.
You visited the Abyss 1 time.

You collected 1756 gold pieces.

Inventory:

Hand Weapons
 E - a +1 eveningstar of protection
Missiles
 n - 75 poisoned darts
 r - 5 curare-tipped darts (quivered)
Armour
 a - the +8 crystal plate armour of Fortitude (worn) {rElec rC- rN+ MR+}
   (You found it on level 1 of the Lair of Beasts)

   It makes you vulnerable to cold.
   It insulates you from electricity.
   It protects you from negative energy.
   It affects your resistance to hostile enchantments.
 d - a +0 helmet (worn)
 m - a +2 pair of gloves (worn)
 y - a +2 buckler of cold resistance (worn)
 F - a scarf of invisibility (worn)
 V - a +0 pair of boots (worn)
Jewellery
 i - an amulet of guardian spirit (around neck)
 C - an uncursed ring of protection from cold
 L - a +6 ring of intelligence (left hand)
 X - an uncursed ring of protection from fire
 Z - a +4 ring of protection (right hand)
Wands
 x - a wand of flame (90)
 A - a wand of paralysis (17)
 M - a wand of polymorph (4)
 W - a wand of iceblast (17)
 Y - a wand of digging (6)
Scrolls
 c - 7 scrolls of identify
 g - a scroll of blinking
 j - 5 scrolls of remove curse
 l - 6 scrolls of fear
 p - 4 scrolls of magic mapping
 q - 3 scrolls of amnesia
 s - 4 scrolls of fog
 t - 3 scrolls of teleportation
 B - 7 scrolls of enchant weapon
 D - 3 scrolls of enchant armour
 I - a scroll of vulnerability {unknown}
Potions
 e - a potion of lignification {unknown}
 f - a potion of might
 h - a potion of magic {unknown}
 o - 2 potions of mutation
 u - a potion of resistance {unknown}
 w - 4 potions of flight
 z - 3 potions of cancellation
 N - a potion of invisibility
 P - a potion of brilliance
 Q - 3 potions of heal wounds
 R - a potion of berserk rage {unknown}
Comestibles
 b - 41 rations


   Skills:
 * Level 10.7 Fighting
 * Level 7.6(7.7) Maces & Flails
   Level 1.2(4.9) Staves
 - Level 6.6 Throwing
 + Level 10.5 Armour
 + Level 8.1 Dodging
 + Level 7.5 Stealth
 * Level 7.9 Shields
 - Level 16.7 Unarmed Combat
 + Level 1.1 Evocations


You had 14 spell levels left.
You didn't know any spells.
Your spell library contained the following spells:

 Spells                   Type           Power        Failure   Level  Hunger
 Foxfire                  Conj/Fire      #...         100%        1    ##.....
 Infusion                 Chrm           #...         100%        1    ##.....
 Shock                    Conj/Air       #...         100%        1    ##.....
 Shroud of Golubria       Chrm/Tloc      #.....       100%        2    ###....
 Song of Slaying          Chrm           #.......     100%        2    ###....
 Confusing Touch          Hex            #.......     100%        3    ####...
 Conjure Flame            Conj/Fire      #.......     100%        3    ####...
 Gell's Gravitas          Tloc           #.........   100%        3    ####...
 Ozocubu's Armour         Chrm/Ice       #.......     100%        3    ####...
 Spectral Weapon          Hex/Chrm       #.......     100%        3    ####...
 Static Discharge         Conj/Air       #.......     100%        3    ####...
 Cause Fear               Hex            #.........   100%        4    #####..
 Hailstorm                Conj/Ice       #.......     100%        4    #####..
 Petrify                  Tmut/Erth      #.......     100%        4    #####..
 Metabolic Englaciation   Hex/Ice        #.........   100%        5    ######.
 Silence                  Hex/Air        #.........   100%        5    ######.
 Yara's Violent Unravell  Hex/Tmut       #.........   100%        5    ######.
 Ring of Flames           Chrm/Fire      #.........   100%        7    #######
 Discord                  Hex            #.........   100%        8    #######


Dungeon Overview and Level Annotations

Branches:
Dungeon (12/15)            Temple (1/1) D:4            Lair (6/6) D:10
 Shoals (0/4) Lair:3       Spider (2/4) Lair:4        Slime (0/5) Lair:5
    Orc: D:9-12

Altars:
Ashenzari
Cheibriados
Dithmenos
Elyvilon
Fedhas
Gozag
Hepliaklqana
Kikubaaqudgha
Makhleb
Nemelex Xobeh
Okawaru
Qazlal
Ru
Sif Muna
Trog
Uskayaw
Vehumet
Wu Jian
Xom
Yredelemnul
Zin
The Shining One
Jiyva

Annotations:
Lair:3 exclusion: 4 oklob plants


Innate Abilities, Weirdness & Mutations

You are resistant to torment.
Your stone body is resilient. (AC +11)
You are immune to poison.
Your large and strong wings let you fly indefinitely.
You resist negative energy. (rN+)
You are resistant to electric shocks. (rElec)
You can survive without breathing.
You are immune to petrification.
You are immune to rotting.
You can translocate small distances at will.
You have an increased reservoir of magic. (+10% MP)
You are covered in fur. (AC +1)


Message History

The wolf spider bites you but does no damage.
The moth of wrath barely misses you.
The wolf spider hits you but does no damage.
The wolf spider bites you but does no damage.
Your surroundings seem slightly different.
You block the wolf spider's attack. The wolf spider closely misses you.
You feel you are being watched by something.
Okay, then.
You fail to use your ability.
You block the wolf spider's attack.
The wolf spider bites you but does no damage.
The wolf spider hits you but does no damage.
The wolf spider closely misses you. The wolf spider hits you!
* * * LOW HITPOINT WARNING * * *
The wolf spider closely misses you.
The wolf spider hits you but does no damage.
The wolf spider bites you but does no damage.
The wolf spider barely misses you.
The wolf spider bites you but does no damage.
The wolf spider hits you!
You die...

#.. #.^ ##.#### ... #.
#################'###. .
#8^.##8.8##..8##8.8##.
...##...##^.s##.^.##...##.
..........s........./..##.
......8..@s8y...8....8.##.
.......................##.
.8.........8..^.8....8.##.
..[.........^..........##.
...##...##...##...##...##.
.. #8.8##..8##..8##..8##.
# #################'###.
######...##.
..............(....


You could see 2 wolf spiders, a moth of wrath and an orb spider (charged).

Vanquished Creatures
  Arachne (Spider:1)
  Rupert (Lair:5)
  Louise (Spider:2)
  2 emperor scorpions (Spider:1)
  The ghost of Mandevil the Warrior, a journeyman MfEn of Yredelemnul (Lair:6)
  2 dire elephants (Lair:6)
  Josephine (D:11)
  Harold (Lair:2)
  4 hydras
  A catoblepas (Lair:6)
  A deep troll shaman (Lair:6)
  12 death yaks
  7 orb spiders
  12 wolf spiders
  An oklob plant (Lair:5)
  9 elephants
  A torpor snail (Lair:4)
  A black mamba (Lair:1)
  Psyche (D:11)
  A gargoyle (D:10)
  A kobold demonologist (D:10)
  16 spiny frogs
  3 demonic crawlers (Spider:1)
  8 rime drakes
  7 komodo dragons
  2 queen bees
  A troll (D:11)
  A polar bear (Lair:4)
  11 jumping spiders
  A hornet (Spider:1)
  Prince Ribbit (D:9)
  6 blink frogs
  A meliai zombie (D:12)
  11 hippogriffs
  A shadow (D:10)
  21 redbacks
  6 wraiths
  4 wyverns
  6 tarantellas
  41 yaks
  4 basilisks (Lair:3)
  A steam dragon (D:10)
  A hungry ghost (D:11)
  17 water moccasins
  8 porcupines
  3 ice beasts
  A sky beast (D:5)
  5 orc warriors
  4 black bears
  6 ogres
  5 necrophages
  3 phantoms
  12 wolves
  3 centaurs
  6 crocodiles
  16 bullfrogs
  Blork the orc (D:4)
  2 scorpions
  61 killer bees
  16 wights
  2 electric eels (Lair:3)
  4 howler monkeys
  6 crimson imps
  A bullfrog zombie (D:10)
  2 quasits
  5 human zombies (D:8)
  3 centaur zombies
  3 jellies
  An orc priest (D:8)
  8 hounds
  A human skeleton (D:8)
  2 iguanas
  8 orc wizards
  A hell rat (Lair:3)
  7 worker ants
  3 mummies (D:8)
  2 hound skeletons
  A howler monkey zombie (D:10)
  Robin (D:4)
  A worker ant zombie (D:7)
  3 gnolls (D:6)
  20 adders
  2 shadow imps
  2 oozes
  An adder zombie (D:7)
  A dart slug (D:1)
  3 leopard geckos
  55 orcs
  A ball python (D:5)
  5 giant cockroaches
  12 goblins
  12 hobgoblins
  21 jackals
  5 bats
  4 frilled lizards
  A jackal zombie (D:8)
  8 kobolds
  A leopard gecko zombie (D:5)
  A quokka skeleton (D:8)
  7 rats
612 creatures vanquished.

Vanquished Creatures (others)
  Nikola (Spider:1)
  A redback (Spider:2)
  A quokka (D:10)
3 creatures vanquished.

Grand Total: 615 creatures vanquished

Notes
Turn   | Place    | Note
-------+----------+-------------------------------------------
     0 | D:1      | Lekan the Gargoyle Monk began the quest for the Orb.
     0 | D:1      | Reached XP level 1. HP: 14/14 MP: 1/1
   261 | D:1      | You fall into a shaft and drop 1 floor!
   505 | D:2      | Reached XP level 2. HP: 15/19 MP: 2/2
   668 | D:1      | Reached XP level 3. HP: 20/23 MP: 1/3
  1358 | D:2      | Found an opulent altar of Gozag.
  1524 | D:2      | Became a worshipper of Gozag Ym Sagoz the Greedy
  1755 | D:2      | Reached XP level 4. HP: 25/29 MP: 2/4
  1950 | D:3      | Reached skill level 4 in Unarmed Combat
  1972 | D:3      | Noticed a bullfrog
  2407 | D:3      | Reached XP level 5. HP: 24/33 MP: 2/5
  2647 | D:3      | Noticed a black bear
  2668 | D:3      | Killed a black bear
  2668 | D:3      | Reached skill level 5 in Unarmed Combat
  2668 | D:3      | Reached XP level 6. HP: 37/38 MP: 6/6
  3118 | D:4      | Noticed a phantom
  3137 | D:4      | Found a staircase to the Ecumenical Temple.
  3137 | D:4      | Noticed Blork the orc
  3153 | D:4      | Killed Blork the orc
  3153 | D:4      | Reached skill level 1 in Throwing
  3190 | Temple   | Entered the Ecumenical Temple
  3351 | Temple   | Fell from the grace of Gozag
  3352 | Temple   | Became a worshipper of Warmaster Okawaru
  3507 | D:4      | Found a stormy altar of Qazlal.
  3641 | D:4      | Reached XP level 7. HP: 35/43 MP: 7/7
  4045 | D:4      | Noticed Robin
  4340 | D:4      | Killed Robin
  4511 | D:4      | Reached skill level 6 in Unarmed Combat
  4701 | D:4      | Found a sacrificial altar of Ru.
  4866 | D:5      | Entered Level 5 of the Dungeon
  5027 | D:5      | Reached * piety under Okawaru
  5027 | D:5      | Was forgiven by Gozag
  5032 | D:5      | Reached XP level 8. HP: 43/48 MP: 5/8
  5077 | D:5      | Found a snail-covered altar of Cheibriados.
  5179 | D:5      | Reached skill level 7 in Unarmed Combat
  6063 | D:5      | Reached ** piety under Okawaru
  6169 | D:6      | Found a white marble altar of Elyvilon.
  6368 | D:5      | Reached skill level 5 in Dodging
  6560 | D:5      | Reached skill level 8 in Unarmed Combat
  6606 | D:6      | Reached XP level 9. HP: 52/52 MP: 9/9
  7236 | D:7      | Reached skill level 9 in Unarmed Combat
  7492 | D:7      | Reached *** piety under Okawaru
  7962 | D:8      | Reached skill level 10 in Unarmed Combat
  7993 | D:8      | Found an ancient bone altar of Kikubaaqudgha.
  8015 | D:8      | Reached XP level 10. HP: 53/58 MP: 8/10
  8148 | D:8      | Reached skill level 5 in Stealth
  8414 | D:8      | Found a flagged portal.
  8520 | D:8      | Found a glowing silver altar of Zin.
  8641 | D:8      | Reached **** piety under Okawaru
  8990 | D:8      | Found a blossoming altar of Fedhas.
  9181 | D:8      | Reached skill level 11 in Unarmed Combat
  9414 | D:9      | Noticed Prince Ribbit
  9780 | D:8      | Reached ***** piety under Okawaru
 10061 | D:9      | Killed Prince Ribbit
 10061 | D:9      | Reached skill level 5 in Fighting
 10337 | D:9      | Found a bloodstained altar of Trog.
 10350 | D:9      | Reached skill level 5 in Throwing
 10648 | D:9      | Found a sparkling altar of Nemelex Xobeh.
 10682 | D:10     | Entered Level 10 of the Dungeon
 10686 | D:10     | Reached skill level 12 in Unarmed Combat
 10692 | D:10     | Reached XP level 11. HP: 52/63 MP: 7/11
 10898 | D:10     | Received a gift from Okawaru
 11614 | D:10     | Reached skill level 1 in Armour
 11934 | D:10     | Found a staircase to the Lair.
 12182 | D:11     | Received a gift from Okawaru
 12432 | D:11     | Noticed Josephine
 12444 | D:11     | Killed Josephine
 12450 | D:11     | Received a gift from Okawaru
 12450 | D:11     | Reached skill level 13 in Unarmed Combat
 12991 | D:11     | Noticed Psyche
 13000 | D:11     | Killed Psyche
 13237 | D:12     | Noticed a white ugly thing
 13686 | D:12     | Noticed a manticore
 13691 | D:12     | Noticed a seven-headed hydra
 14075 | D:11     | Gained mutation: You have an increased reservoir of magic.
                  | (+10% MP) [potion of mutation]
 14075 | D:11     | Gained mutation: Scrolls take you a little longer to read.
                  | [potion of mutation]
 14075 | D:11     | Gained mutation: Potions are less effective at restoring
                  | your health. [potion of mutation]
 14075 | D:11     | Gained mutation: Your mind is acute. (Int +2) [potion of
                  | mutation]
 14076 | D:11     | Lost mutation: Your mind is acute. (Int +2) [potion of
                  | mutation]
 14076 | D:11     | Lost mutation: Scrolls take you a little longer to read.
                  | [potion of mutation]
 14076 | D:11     | Gained mutation: You have large cloven feet. [potion of
                  | mutation]
 14076 | D:11     | Gained mutation: You possess an exceptional clarity of
                  | mind. [potion of mutation]
 14077 | D:11     | Lost mutation: You have large cloven feet. [potion of
                  | mutation]
 14077 | D:11     | Lost mutation: Potions are less effective at restoring your
                  | health. [potion of mutation]
 14077 | D:11     | Lost mutation: You possess an exceptional clarity of mind.
                  | [potion of mutation]
 14077 | D:11     | Gained mutation: You are covered in fur. (AC +1) [potion of
                  | mutation]
 14077 | D:11     | Gained mutation: You can translocate small distances at
                  | will. [potion of mutation]
 14126 | Lair:1   | Entered Level 1 of the Lair of Beasts
 14458 | Lair:1   | Reached XP level 12. HP: 59/68 MP: 11/13
 15194 | Lair:1   | Got a shimmering crystal plate armour
 15205 | Lair:1   | Identified the +8 crystal plate armour of Fortitude {rElec
                  | rC- rN+ MR+} (You found it on level 1 of the Lair of
                  | Beasts)
 15246 | Lair:1   | Noticed an eight-headed hydra
 15261 | Lair:1   | Killed an eight-headed hydra
 15261 | Lair:1   | Reached skill level 5 in Armour
 15266 | Lair:1   | Reached skill level 14 in Unarmed Combat
 15873 | Lair:2   | Noticed a seven-headed hydra
 15887 | Lair:2   | Killed a seven-headed hydra
 16076 | Lair:2   | Reached ****** piety under Okawaru
 16184 | Lair:2   | Noticed Harold
 16214 | Lair:2   | Killed Harold
 16214 | Lair:2   | Received a gift from Okawaru
 16394 | Lair:2   | Reached skill level 1 in Evocations
 16645 | Lair:2   | Identified Pytuiff's Almanac of Confrontation and Ignition
 17772 | Lair:3   | Reached XP level 13. HP: 55/76 MP: 15/15
 17816 | Lair:3   | Reached skill level 15 in Unarmed Combat
 18014 | Lair:3   | Found a staircase to the Shoals.
 18650 | Lair:3   | Found a bloodstained altar of Trog.
 19012 | Lair:4   | Received a gift from Okawaru
 19506 | Lair:4   | Received a gift from Okawaru
 19740 | Lair:4   | Found a hole to the Spider Nest.
 19755 | Lair:4   | Received a gift from Okawaru
 20218 | Spider:1 | Entered Level 1 of the Spider Nest
 20232 | Lair:4   | Reached skill level 16 in Unarmed Combat
 20561 | Lair:5   | Reached skill level 1 in Shields
 21295 | Lair:5   | Gained mutation: Your large and strong wings let you fly
                  | indefinitely. [Gargoyle growth]
 21295 | Lair:5   | Reached XP level 14. HP: 69/84 MP: 13/16
 21397 | Lair:5   | Found a viscous altar of Jiyva.
 21397 | Lair:5   | Found a staircase to the Slime Pits.
 21416 | Lair:5   | Got a smoking plate armour
 21426 | Lair:5   | Identified the cursed +0 plate armour of Gisinnum {*Corrode
                  | Str+2 Int+8 Stlth+} (You found it on level 5 of the Lair of
                  | Beasts)
 21446 | Lair:5   | Noticed Rupert
 21464 | Lair:5   | Killed Rupert
 21989 | Lair:6   | Entered Level 6 of the Lair of Beasts
 22026 | Lair:5   | Received a gift from Okawaru
 22460 | Lair:6   | Received a gift from Okawaru
 22491 | Lair:6   | Reached skill level 1 in Maces & Flails
 22978 | Lair:6   | Found a runed translucent gate.
 22978 | Lair:6   | Found a runed translucent gate.
 22978 | Lair:6   | Found a runed translucent gate.
 22980 | Lair:6   | Noticed a dire elephant
 22981 | Lair:6   | Noticed Mandevil's ghost (journeyman MfEn)
 23969 | Lair:6   | Reached skill level 5 in Shields
 24044 | Lair:6   | Reached skill level 1 in Staves
 24065 | Lair:6   | Received a gift from Okawaru
 24105 | Lair:6   | Noticed a dire elephant
 24318 | Lair:6   | Killed a dire elephant
 24318 | Lair:6   | Reached skill level 10 in Armour
 24747 | Lair:6   | Killed a dire elephant
 24865 | Lair:6   | Killed Mandevil's ghost
 25601 | Lair:4   | Reached XP level 15. HP: 69/92 MP: 17/17
 25710 | Spider:1 | Received a gift from Okawaru
 25710 | Spider:1 | Reached skill level 10 in Fighting
 26225 | Spider:1 | Reached skill level 5 in Maces & Flails
 26624 | Spider:1 | Noticed Nikola
 26654 | Spider:1 | Killed Nikola
 27736 | Spider:2 | Received a gift from Okawaru
 27933 | Spider:2 | Noticed Louise
 27937 | Spider:2 | Noticed Arachne
 28042 | Spider:1 | Killed Arachne
 28373 | Spider:2 | Cast into level 2 of the Abyss (Louise)
 28429 | Spider:2 | Escaped the Abyss
 28467 | Spider:2 | Killed Louise
 29032 | Spider:2 | Noticed an emperor scorpion
 29032 | Spider:2 | Noticed an emperor scorpion
 29525 | Spider:1 | Killed an emperor scorpion
 29764 | Spider:1 | Killed an emperor scorpion
 30252 | Spider:2 | Slain by a wolf spider

Illustrated notes

Levels and vault maps discovered:
D:1:      scummos_arrival_simple_fountains, layout_rooms,
          corexii_leaking_fountain
D:2:      layout_basic, nicolae_gozag_seed_capital
D:3:      layout_loops_ring, first_ration, minmay_misc_feat_alley
D:4:      layout_cave_pools, kennysheep_mini, kennysheep_mini_moat,
          minmay_temple_entry_wispy, uniq_blork_the_orc, uniq_robin
D:5:      layout_rooms, chequers_serial_rivers_large_a,
          minmay_misc_feat_enclosed, hangedman_decor_growths,
          minmay_ruined_shrine
D:6:      layout_rooms, elyvilon_altar_4
D:7:      layout_rooms
D:8:      layout_cave_pools, lemuel_mausoleum_altar_kikubaaqudgha, zin_statuary,
          basic_altar, enter_bailey_2
D:9:      layout_rooms, kennysheep_little_box, basic_altar, uniq_prince_ribbit1
D:10:     layout_irregular_city, lair_entry_dummy
D:11:     layout_irregular_city, uniq_josephine, uniq_psyche
D:12:     layout_basic, david_orc_3
Temple:   regret_index_temple_generic_petals
Lair:1:   layout_roguey [special_room_bee], portal_ice_cave_entry_pillars_1,
          beast_lair_carwin_3
Lair:2:   layout_concentric_octagons, uniq_harold
Lair:3:   hangedman_what_comes_after_a, layout_long_grid,
          elwin_shoals_entry_rooms, basic_altar, serial_bayou_shore_b,
          lemuel_fruit_tree
Lair:4:   layout_loops_ring, nicolae_spider_entry_tight_spaces
Lair:5:   beast_lair_carwin_large_2, layout_hall_layers,
          dpeg_slime_entry_enclosed_altar, uniq_rupert
Lair:6:   grunt_lair_end_beastmaster, layout_gridlike, gammafunk_ghost_split
Spider:1: layout_spider_delve, uniq_nikola
Spider:2: nicolae_spider_hall_of_the_moth_king, nicolae_spider_cling_halls,
          uniq_louise, uniq_arachne

Skill      XL: |  1  2  3  4  5  6  7  8  9 10 11 12 13 14 15 |
---------------+----------------------------------------------+-----
Dodging        | 3 4 5 6 7 8 |  8.1
Unarmed Combat | 4 5 6 8 10 12 13 14 16 | 16.7
Stealth        | 3 4 5 6 7 |  7.5
Fighting       | 4 5 7 8 9 10 | 10.7
Throwing       | 1 3 4 5 6 |  6.6
Armour         | 4 6 8 10 | 10.5
Evocations     | 1 |  1.1
Shields        | 2 6 7 |  7.9
Maces & Flails | 4 7 |  7.6
Staves         | 1 |  1.2

Action                   |  1- 3 |  4- 6 |  7- 9 | 10-12 | 13-15 || total
-------------------------+-------+-------+-------+-------+-------++-------
Melee: Unarmed           |   172 |   245 |   446 |  1195 |   829 ||  2887
       Punch             |     1 |     3 |    15 |    61 |    18 ||    98
       Mace              |       |       |       |     2 |    10 ||    12
       Staff             |       |       |       |     2 |       ||     2
       Eveningstar       |       |       |       |       |   893 ||   893
       Flail             |       |       |       |       |    57 ||    57
Throw: Dart              |       |    15 |    77 |    44 |   149 ||   285
       Javelin           |       |       |       |    10 |       ||    10
Invok: Potion Petition   |       |     1 |       |       |       ||     1
       Renounce Religion |       |     1 |       |       |       ||     1
       Heroism           |       |       |       |     1 |     4 ||     5
       Finesse           |       |       |       |       |     1 ||     1
 Abil: Blink             |       |       |       |     1 |     5 ||     6
       Fly               |       |       |       |       |     1 ||     1
Evoke: Wand              |       |       |     3 |     3 |     5 ||    11
       Phial of floods   |       |       |       |       |     1 ||     1
  Use: Scroll            |       |       |    18 |     6 |     8 ||    32
       Potion            |       |       |       |     8 |    11 ||    19
 Stab: Sleeping          |       |     8 |     5 |    11 |       ||    24
       Distracted        |       |       |       |     4 |       ||     4
       Petrified         |       |       |       |       |    39 ||    39
  Eat: Chunk             |     2 |       |     8 |    14 |    31 ||    55
       Ration            |       |     3 |     1 |     5 |     4 ||    13
Armor: Robe              |    66 |    80 |   193 |   176 |       ||   515
       Skin              |       |       |     3 |       |       ||     3
       Steam dragon scal |       |       |       |   141 |       ||   141
       Crystal plate arm |       |       |       |   261 |  3020 ||  3281
Dodge: Dodged            |   127 |   170 |   386 |   744 |   674 ||  2101
Block: Buckler           |       |       |       |       |   831 ||   831
